 Dungeon Crawl Stone Soup version 0.29-a0-911-g88e6f02907 (webtiles) character file.

Game seed: 6227623019911558717

10 leavemydog the Trooper (level 2, 0/27 HPs)
             Began as a Hill Orc Fighter on July 25, 2022.
             Slain by a gnoll
             ... wielding a +0 club
              (4 damage)
             ... on level 1 of the Dungeon.
             The game lasted 00:01:20 (544 turns).

leavemydog the Trooper (Hill Orc Fighter)            Turns: 544, Time: 00:01:21

Health: 0/27       AC:  6    Str: 15 (18) XL:     2   Next: 20%
Magic:  2/2        EV:  8    Int:  7 (8)  God:
Gold:   21         SH:  4    Dex:  9 (10) Spells: 1/1 levels left

rFire   . . .      SeeInvis .   a - +0 war axe
rCold   . . .      Faith    .   c - +0 buckler
rNeg    . . .      Spirit   .   b - +0 scale mail
rPois   .          Reflect  .   (no helmet)
rElec   .          Harm     .   (no cloak)
rCorr   .          Rampage  .   (no gloves)
Will    .....                   (no boots)
Stlth   ..........              (no amulet)
HPRegen 0.09/turn               (no ring)
MPRegen 0.08/turn               (no ring)

@: no status effects
A: no striking features
a: no special abilities


You were on level 1 of the Dungeon.
You visited 1 branch of the dungeon, and saw 1 of its levels.

You collected 21 gold pieces.

Inventory:

Hand Weapons
 a - a +0 war axe (weapon)
Armour
 b - a +0 scale mail (worn)
 c - a +0 buckler (worn)
Jewellery
 g - an amulet of reflection
 l - an amulet of regeneration
Scrolls
 e - a scroll of magic mapping {unknown}
 h - a scroll of identify {unknown}
 j - a scroll of silence {unknown}
Potions
 d - a potion of might
 f - a potion of degeneration
 i - a potion of flight {unknown}
 k - a potion of heal wounds {unknown}


   Skills:
 + Level 3.8 Fighting
 * Level 3.1 Axes
 + Level 3.4 Armour
 + Level 3.4 Shields


You had one spell level left.
You didn't know any spells.
Your spell library was empty.

Dungeon Overview and Level Annotations

Branches:
Dungeon (1/15)

Altars:


Message History

A gnoll comes into view. It is wielding a +0 club.
The gnoll shouts!
You completely miss the gnoll. The gnoll hits you but does no damage.
You barely miss the gnoll. The gnoll hits you with a +0 club!
The gnoll closely misses you.
You barely miss the gnoll. The gnoll hits you with a +0 club!
You are too injured to fight recklessly!
You are too injured to fight recklessly!
You are too injured to fight recklessly!
The gnoll attacks as you move away! You block the gnoll's attack.
The gnoll attacks as you move away! The gnoll barely misses you.
The gnoll attacks as you move away! The gnoll hits you but does no damage.
The gnoll attacks as you move away! The gnoll hits you but does no damage.
The gnoll attacks as you move away! The gnoll hits you but does no damage.
The gnoll attacks as you move away! You block the gnoll's attack.
You block the gnoll's attack.
Keep disrobing?
You start removing your amulet.
You continue taking off your amulet of reflection.
You block the gnoll's attack.
You continue taking off your amulet of reflection.
You block the gnoll's attack.
You continue taking off your amulet of reflection.
The gnoll barely misses you.
You continue taking off your amulet of reflection.
The gnoll hits you with a +0 club.
You finish taking off your amulet of reflection.
The gnoll attacks as you move away! The gnoll hits you with a +0 club.
* * * LOW HITPOINT WARNING * * *
The gnoll attacks as you move away! The gnoll hits you but does no damage.
The gnoll attacks as you move away! The gnoll hits you with a +0 club.
* * * LOW HITPOINT WARNING * * *
There is a stone staircase leading down here.
Number of times to repeat, then command key: You must enter the number of times for the command to repeat.
It was a potion of degeneration.
There was something very wrong with that liquid.
You feel weakened.
You feel dopey.
You feel clumsy. The gnoll hits you with a +0 club.
You die...

#.##############...†.......#
#.................#######..#
####.............##.########..#
......######......>...........#
####..# #..##.#..#.#######.#
####..# ##..##.#..#.# #.##
##....#####...##.#..#.# #..#
##.#.............)..#.# ##.#
##.#...##.#...#.@##.#.# #.#
.......##.....#.g##.#.# #.#
##.#..........#..##.#.# #.##
#.##..##.....#..##.#.########...
#.##..........>.##....#...(.....
#.###........#.###.>#..........#
#.# #.......##.###............##
#.###.......)......###..#######
#.......................#


You could see a gnoll.

Vanquished Creatures
  A bat (D:1)
  An endoplasm (D:1)
  2 giant cockroaches (D:1)
  A kobold (D:1)
  2 quokkas (D:1)
  A frilled lizard (D:1)
8 creatures vanquished.

Notes
Turn   | Place    | Note
-------+----------+-------------------------------------------
     0 | D:1      | leavemydog the Hill Orc Fighter began the quest for the
                  | Orb.
     0 | D:1      | Reached XP level 1. HP: 19/19 MP: 1/1
   342 | D:1      | Reached XP level 2. HP: 21/27 MP: 2/2
   544 | D:1      | Slain by a gnoll

Illustrated notes

Levels and vault maps discovered:
D:1:      lemuel_arrival_rhombus, layout_loops_ring,
          chequers_serial_rivers_room_b

Skill      XL: |  1 |
---------------+----+-----
Axes           | 3 |  3.1
Fighting       | |  3.8
Armour         | |  3.4
Shields        | |  3.4

Action                   || total
-------------------------++-------
Melee: War axe           ||    25
  Use: Potion            ||     1
Armor: Scale mail        ||    16
Dodge: Dodged            ||    13
Block: Buckler           ||    18

Table legend: (Time is in decaauts)
 A = Elapsed time spent in this place.
 B = Non-inter-level travel time spent in this place.
 C = Inter-level travel time spent in this place.
 D = Time resting spent in this place.
 E = Time spent auto-exploring this place.
 F = Levels seen in this place.
 G = Mean time per level.
                   A        B        C        D        E       F      G
               +--------+--------+--------+--------+--------+-----+--------+
         Total |    554 |    554 |      0 |    262 |    189 |   1 |  554.0 |
       Dungeon |    554 |    554 |      0 |    262 |    189 |   1 |  554.0 |
               +--------+--------+--------+--------+--------+-----+--------+

Top non-repeatable levels by time:
     D:1: 554 daAuts
